 Dungeon Crawl Stone Soup version 0.20.0-15-g7f486f2 (webtiles) character file.

3628 asdasd2 the Cleaver (level 9, -2/82 HPs)
             Began as a Minotaur Fighter on June 11, 2017.
             Killed by divine providence
             ... invoked by an orc priest
              (11 damage)
             ... on level 8 of the Dungeon.
             The game lasted 00:13:05 (7082 turns).

asdasd2 the Cleaver (Minotaur Fighter)              Turns: 7082, Time: 00:13:05

Health: -2/82      AC: 17    Str: 25    XL:     9   Next: 87%
Magic:  8/8        EV:  8    Int:  5    God:
Gold:   401        SH:  0    Dex:  9    Spells: 8/8 levels left

rFire    + . .     SeeInvis .   a - +0 war axe
rCold    + . .     Gourm    .   (no shield)
rNeg     . . .     Faith    +   g - +0 plate armour
rPois    .         Spirit   .   (helmet restricted)
rElec    .         Reflect  .   v - +0 cloak
rCorr    .         Harm     .   A - +0 pair of gloves (curse)
MR       .....                  (no boots)
Stlth    ..........             x - amulet of faith
Regen    0.3/turn               p - ring of protection from cold
MPRegen  0.2/turn               m - ring of protection from fire

@: no status effects
A: retaliatory headbutt, horns 2
a: no special abilities


You were on level 8 of the Dungeon.
You were not hungry.

You visited 2 branches of the dungeon, and saw 9 of its levels.
You also visited: Ossuary.

You collected 611 gold pieces.
You spent 210 gold pieces at shops.

Inventory:

Hand Weapons
 a - a +0 war axe (weapon)
Armour
 g - a +0 plate armour (worn)
 v - a +0 cloak (worn)
 A - a cursed +0 pair of gloves (worn)
Jewellery
 m - a ring of protection from fire (right hand)
 p - a ring of protection from cold (left hand)
 x - an amulet of faith (around neck)
Wands
 y - a wand of disintegration (16/24)
 z - a wand of flame (48/48)
Scrolls
 c - a scroll of amnesia
 h - 3 scrolls of remove curse
 n - 2 scrolls of teleportation
 s - 4 scrolls of enchant weapon
 u - 2 scrolls of identify
Potions
 b - 3 potions of curing {unknown}
 d - 2 potions of agility {unknown}
 e - 2 potions of flight
 j - 6 potions of mutation
 l - 6 potions of brilliance {unknown}
 o - a potion of lignification
 r - 4 potions of haste
 t - 3 potions of cancellation
 B - 2 potions of invisibility
Comestibles
 f - 8 bread rations
 i - 16 fruits
 k - 2 royal jellies
 q - 3 meat rations
 w - 2 chunks of flesh


   Skills:
 + Level 8.5 Fighting
 + Level 12.2 Axes
 + Level 9.2 Armour
 + Level 2.1 Dodging
   Level 3.6 Shields


You had 8 spell levels left.
You didn't know any spells.

Dungeon Overview and Level Annotations

Branches:
Dungeon (8/15)             Temple (1/1) D:6
   Lair: D:8-11

Altars:
Ashenzari
Cheibriados
Elyvilon
Fedhas
Gozag
Kikubaaqudgha
Makhleb
Nemelex Xobeh
Qazlal
Ru
Sif Muna
Trog
Uskayaw
Vehumet
Xom
Yredelemnul
Zin
The Shining One

Shops:
D:4 *   D:6 (   D:8 *

Annotations:
D:6 1 runed door


Innate Abilities, Weirdness & Mutations

You reflexively headbutt those who attack you in melee.
You have a pair of horns on your head.


Message History

The crimson imp hits you but does no damage.
Your plate armour prevents you from hitting the crimson imp.
You headbutt the crimson imp.
The crimson imp is moderately wounded.
The crimson imp hits you but does no damage.
The orc warrior hits you from afar with a trident!
* * * LOW HITPOINT WARNING * * *
The crimson imp blinks!
The orc warrior hits you from afar with a trident!
* * * LOW HITPOINT WARNING * * *
The orc priest casts a cantrip, but nothing happens.
The crimson imp blinks!
The orc warrior hits you from afar with a trident.
* * * LOW HITPOINT WARNING * * *
The orc priest looks braver for a moment.
The crimson imp blinks!
The orc priest casts a cantrip, but nothing happens.
The orc priest calls down the wrath of Beogh upon you.
Beogh smites you!
You die...

..)............#########....
#.#.###.##........)........#
..........)..#.######......##
...........#.#........#.#...
.....<..####.#.######.#.#..#
..#.#.#.## #.#.# #.#.#..#
#.#......###.#.######.#.#..###.#.
#.......................5........
.......>.###....@..o..#.#..###.#
∩.......###........†....#..#
.##..##.#########.#..o.....###+##
...........# #.###.#o....#...#
.........#.# ### #.#.....#...o
###......# # #.#.....#.O..
#..##..# ###.####.##.... #..# ..#
............... .... .#
########.##...#


You could see an orc warrior, an orc priest and an orc.

Vanquished Creatures
  A two-headed ogre (D:7)
  Duvessa (D:5)
  2 ice beasts
  3 ogres
  2 centaurs (D:5)
  A wyvern zombie (D:6)
  3 bullfrogs
  4 scorpions
  Dowan (D:5)
  A howler monkey (D:8)
  2 bullfrog zombies (D:6)
  4 crimson imps
  2 jellies
  6 orc priests
  2 hounds (D:4)
  9 orc wizards
  2 bullfrog skeletons (D:6)
  A centaur skeleton (D:4)
  4 iguanas
  11 worker ants
  A killer bee zombie (D:6)
  A big kobold zombie (Ossuary)
  A hound skeleton (D:4)
  8 mummies (Ossuary)
  A howler monkey zombie (D:6)
  A howler monkey skeleton (D:4)
  12 gnolls
  14 adders
  An ooze (D:4)
  3 adder zombies (D:6)
  5 adder skeletons
  3 worms
  4 dart slugs
  4 leopard geckos
  26 orcs
  10 bats
  7 giant cockroaches
  2 gnoll zombies (Ossuary)
  3 goblins
  8 hobgoblins
  12 jackals
  3 quokkas
  5 frilled lizards
  A giant cockroach zombie (D:6)
  2 hobgoblin zombies (Ossuary)
  A jackal skeleton (D:6)
  6 kobolds
  3 orc zombies (Ossuary)
  A quokka skeleton (D:5)
  11 rats
  2 butterflies (D:6)
224 creatures vanquished.

Notes
Turn   | Place    | Note
-------+----------+-------------------------------------------
     0 | D:1      | asdasd2 the Minotaur Fighter began the quest for the Orb.
     0 | D:1      | Reached XP level 1. HP: 19/19 MP: 0/0
   222 | D:1      | Reached XP level 2. HP: 27/27 MP: 1/1
   337 | D:1      | Reached XP level 3. HP: 15/33 MP: 2/2
   339 | D:1      | Reached skill level 3 in Axes
  1018 | D:2      | Found an opulent altar of Gozag.
  1142 | D:2      | Reached skill level 5 in Armour
  1212 | D:2      | Reached XP level 4. HP: 40/40 MP: 3/3
  1662 | D:3      | Reached skill level 4 in Axes
  1662 | D:3      | Reached skill level 1 in Dodging
  1687 | D:3      | Reached XP level 5. HP: 30/46 MP: 4/4
  1766 | D:3      | Reached skill level 5 in Axes
  2010 | D:3      | Found a burning altar of Makhleb.
  2168 | D:3      | Reached XP level 6. HP: 53/53 MP: 5/5
  2183 | D:3      | Reached skill level 6 in Axes
  2586 | D:4      | Reached skill level 5 in Fighting
  3066 | D:4      | Reached XP level 7. HP: 58/61 MP: 6/6
  3121 | D:4      | Found Dipt's General Store.
  3124 | D:4      | Bought 2 scrolls of enchant weapon for 210 gold pieces
  3152 | D:4      | Reached skill level 7 in Axes
  3444 | D:5      | Entered Level 5 of the Dungeon
  3471 | D:5      | Reached skill level 8 in Axes
  3696 | D:5      | Found a sacrificial altar of Ru.
  3717 | D:5      | Reached XP level 8. HP: 39/70 MP: 7/7
  3792 | D:5      | Noticed Dowan
  3810 | D:5      | Killed Dowan
  3815 | D:5      | Reached skill level 9 in Axes
  4025 | D:5      | Noticed Duvessa
  4049 | D:5      | Killed Duvessa
  4662 | D:6      | Found a staircase to the Ecumenical Temple.
  4676 | D:6      | Found a basalt altar of Yredelemnul.
  4703 | D:6      | Reached skill level 10 in Axes
  4732 | Temple   | Entered the Ecumenical Temple
  4869 | D:6      | Found Faebariutt's Weapon Boutique.
  4925 | D:6      | Reached XP level 9. HP: 70/79 MP: 8/8
  4952 | D:6      | Found a runed door.
  5085 | D:6      | Found a runed door.
  5502 | D:7      | Found a sand-covered staircase.
  5510 | Ossuary  | Entered an ossuary
  5561 | Ossuary  | Reached skill level 11 in Axes
  6074 | D:7      | Found a deep blue altar of Sif Muna.
  6105 | D:7      | Noticed a two-headed ogre
  6115 | D:7      | Killed a two-headed ogre
  6115 | D:7      | Reached skill level 12 in Axes
  6346 | D:7      | Found a glowing silver altar of Zin.
  6477 | D:7      | Found a shattered altar of Ashenzari.
  6753 | D:7      | Found a blossoming altar of Fedhas.
  6954 | D:8      | Found Reegae's Assorted Antiques.
  7059 | D:8      | Noticed a two-headed ogre
  7082 | D:8      | Killed from afar by an orc priest

Skill      XL: |  1  2  3  4  5  6  7  8  9 |
---------------+----------------------------+-----
Armour         | 4 5 6 8 9 |  9.2
Fighting       | 4 5 7 8 |  8.5
Axes           | 3 4 5 6 8 10 12 | 12.2
Dodging        | 1 2 |  2.1
Shields        | |  3.6

Action                   |  1- 3 |  4- 6 |  7- 9 || total
-------------------------+-------+-------+-------++-------
Melee: War axe           |    82 |   148 |   377 ||   607
       Headbutt          |    13 |    21 |    69 ||   103
  Use: Scroll            |       |    10 |    11 ||    21
       Potion            |       |       |     1 ||     1
  Eat: Chunk             |       |     6 |    10 ||    16
       Royal jelly       |       |       |     2 ||     2
Armor: Scale mail        |    41 |    10 |       ||    51
       Plate armour      |       |   108 |   222 ||   330
Dodge: Dodged            |    22 |    64 |   128 ||   214
Block: Shield            |    45 |     4 |       ||    49
